 Dungeon Crawl Stone Soup version 0.26-a0-966-gd078a86f14 (webtiles) character file.

Game seed: 7005137408155659774

684 wallyworld96 the Ruffian (level 7, -4/67 HPs)
             Began as a Troll Fighter on Dec 4, 2020.
             Slain by a worker ant (5 damage)
             ... on level 6 of the Dungeon.
             The game lasted 00:50:03 (4548 turns).

wallyworld96 the Ruffian (Troll Fighter)            Turns: 4548, Time: 00:50:03

Health: -4/67      AC:  6    Str: 26    XL:     7   Next: 35%
Magic:  0/6        EV:  9    Int:  4    God:
Gold:   144        SH:  9    Dex: 10    Spells: 6/6 levels left

rFire    . . .     SeeInvis .     - Unarmed
rCold    . . .     Faith    .   b - +0 kite shield
rNeg     . . .     Spirit   +   a - +0 robe
rPois    .         Reflect  .   (helmet restricted)
rElec    .         Harm     .   (no cloak)
rCorr    +         Rampage  .   (gloves unavailable)
MR       .....                  (boots unavailable)
Stlth    +.........             i - amulet of guardian spirit
HPRegen  0.61/turn              y - ring of resist corrosion
MPRegen  0.10/turn              (no ring)

@: lethally poisoned (-4 -> -4), about to teleport, glowing
A: large, unfitting armour, claws 3, regeneration 1, shaggy fur 1, tough skin 3
a: no special abilities


You were on level 6 of the Dungeon.
You visited 1 branch of the dungeon, and saw 6 of its levels.

You collected 144 gold pieces.

Inventory:

Hand Weapons
 r - a cursed +0 hunting sling
 s - a +1 war axe of pain
 t - a +3 dagger of speed
 A - a +0 shortbow
Missiles
 z - 21 arrows
Armour
 a - a +0 robe (worn)
 b - a +0 kite shield (worn)
 c - a +0 pair of gloves
 e - a +0 ring mail
 f - a +1 pair of boots
Jewellery
 h - an uncursed amulet of faith {unknown}
 i - an amulet of guardian spirit (around neck)
 y - a ring of resist corrosion (left claw)
Wands
 m - a wand of paralysis (9)
Scrolls
 d - 2 scrolls of amnesia {unknown}
 g - 3 scrolls of remove curse
 o - 2 scrolls of teleportation
 w - 3 scrolls of identify
Potions
 j - 4 potions of attraction
 k - a potion of invisibility {unknown}
 l - a potion of haste {unknown}
 n - a potion of magic {unknown}
 p - a potion of degeneration {unknown}
 q - a potion of lignification {unknown}
 u - a potion of cancellation {unknown}
 v - a potion of brilliance
 x - a potion of heal wounds {unknown}


   Skills:
 + Level 3.2 Fighting
 + Level 3.9 Dodging
 + Level 0.7 Stealth
 + Level 3.8 Shields
 + Level 5.6 Unarmed Combat


You had 6 spell levels left.
You didn't know any spells.
Your spell library contained the following spells:

 Spells                   Type           Power        Failure   Level
 Corona                   Hex            #......      87%         1
 Ensorcelled Hibernation  Hex/Ice        #.....       95%         2
 Confusing Touch          Hex            #.......     99%         3
 Dazzling Flash           Conj/Hex       #.....       99%         3
 Gell's Gravitas          Tloc           #.........   99%         3
 Tukima's Dance           Hex            #.......     99%         3
 Petrify                  Tmut/Erth      #.......     100%        4
 Metabolic Englaciation   Hex/Ice        #.........   100%        5
 Yara's Violent Unravell  Hex/Tmut       #.........   100%        5


Dungeon Overview and Level Annotations

Branches:
Dungeon (6/15)
 Temple: D:4-7

Altars:
Fedhas
Okawaru
Xom
Yredelemnul
Zin

Annotations:
D:4 Robin


Innate Abilities, Weirdness & Mutations

You are too large for most types of armour.
You have claws for hands.
Your natural rate of healing is unusually fast.
You are covered in fur. (AC +1)
You have extremely tough skin. (AC +3)


Message History

The gnoll hits you from afar with a cursed -2 spear.
Found a stone staircase leading up.
There is an escape hatch in the floor here.
The worker ant bites you!
* * * LOW HITPOINT WARNING * * *
You are poisoned.
The worker ant poisons you!
The gnoll hits you from afar with a +0 halberd!
* * * LOW HITPOINT WARNING * * *
The gnoll shaman hits you but does no damage.
The gnoll hits you from afar with a +0 halberd!
* * * LOW HITPOINT WARNING * * *
You block the gnoll's attack.
The worker ant bites you but does no damage.
You slide downwards.
The hatch slams shut behind you.
You feel sick.
Found a scroll of identify.
As you read the scroll of teleportation, it crumbles to dust.
You feel strangely unstable.
You feel sick. You block the gnoll shaman's attack. The worker ant bites you.
You die...

#######
.....
#B.#
#@.#
#g.#
...#
###.#
?# .#
.. ##


You could see a gnoll shaman and a worker ant.

Vanquished Creatures
  An ogre (D:4)
  2 centaurs (D:5)
  A howler monkey (D:4)
  An orc priest (D:4)
  2 worker ants
  Natasha (thrice) (D:3)
  An iguana (D:4)
  7 adders
  An ooze (D:1)
  2 adder skeletons
  2 worms
  5 dart slugs
  4 leopard geckos
  25 orcs
  3 giant cockroaches
  8 goblins
  11 hobgoblins
  10 jackals
  3 quokkas
  9 bats
  4 frilled lizards
  7 kobolds
  A leopard gecko skeleton (D:2)
  4 rats
117 creatures vanquished.

Notes
Turn   | Place    | Note
-------+----------+-------------------------------------------
     0 | D:1      | wallyworld96 the Troll Fighter began the quest for the Orb.
     0 | D:1      | Reached XP level 1. HP: 22/22 MP: 0/0
   160 | D:1      | Reached XP level 2. HP: 29/29 MP: 1/1
   664 | D:1      | Reached XP level 3. HP: 36/36 MP: 2/2
  1081 | D:2      | Found a basalt altar of Yredelemnul.
  1351 | D:2      | Found a glowing silver altar of Zin.
  1453 | D:2      | Reached XP level 4. HP: 38/44 MP: 1/3
  1605 | D:2      | Reached skill level 3 in Unarmed Combat
  2864 | D:3      | Reached XP level 5. HP: 52/52 MP: 4/4
  3068 | D:3      | Noticed Natasha
  3147 | D:3      | Killed Natasha
  3454 | D:3      | Noticed Natasha
  3460 | D:3      | Killed Natasha
  3545 | D:3      | Noticed Natasha
  3556 | D:3      | Killed Natasha
  3644 | D:1      | Reached skill level 4 in Unarmed Combat
  3644 | D:1      | Reached XP level 6. HP: 25/61 MP: 3/5
  3881 | D:4      | Found an iron altar of Okawaru.
  3977 | D:4      | Reached skill level 5 in Unarmed Combat
  4178 | D:4      | Noticed Robin
  4221 | D:4      | Found a blossoming altar of Fedhas.
  4294 | D:5      | Entered Level 5 of the Dungeon
  4302 | D:5      | Reached XP level 7. HP: 50/67 MP: 4/6
  4512 | D:5      | Found a shimmering altar of Xom.
  4546 | D:5      | HP: 2/67 [gnoll/+0 halberd (9)]
  4548 | D:6      | Slain by a worker ant

Illustrated notes

Levels and vault maps discovered:
D:1:      elethiomel_arrival_quiet, layout_basic, chequers_serial_rivers_micro_b
D:2:      layout_loops_ring, lemuel_doored_altar, overflow_temple_1_default,
          serial_co_window_serial, co_window_corner_a, co_window_paths_b,
          co_window_paths_a, co_window_corner_a, co_window_paths_b,
          co_window_of_opportunity_c, co_window_corner_b, co_window_broadway_b,
          co_window_broadway_b, co_window_corner_cb, minmay_misc_feat_rows,
          grunt_decor_clamped
D:3:      layout_basic, minmay_curled_crystal, uniq_natasha
D:4:      layout_cave_pools, nicolae_overflow_hidden_temple,
          kennysheep_okawaru_gauntlet, serial_park,
          hangedman_decor_clover_reticule, uniq_robin
D:5:      layout_layer_cave, overflow_temple_1_default, kennysheep_mini,
          lemuel_crystal_altar, ebering_ghost_reflecting_pool,
          nicolae_dithmenos_shadow_blocks
D:6:      layout_loops_ring, old_standard_altar, minmay_temple_entry_poolview,
          chequers_decorated_corner, uniq_menkaure, uniq_duvessa

Skill      XL: |  1  2  3  4  5  6 |
---------------+-------------------+-----
Unarmed Combat | 3 4 5 |  5.6
Shields        | 3 |  3.8
Dodging        | 3 |  3.9
Fighting       | 3 |  3.2
Stealth        | |  0.7

Action                   |  1- 3 |  4- 6 |  7- 9 || total
-------------------------+-------+-------+-------++-------
Melee: Unarmed           |    94 |   248 |    20 ||   362
  Use: Potion            |       |     3 |       ||     3
       Scroll            |       |     9 |     1 ||    10
 Stab: Sleeping          |     1 |       |       ||     1
Armor: Robe              |    25 |    69 |     8 ||   102
Dodge: Dodged            |    26 |    84 |    21 ||   131
Block: Kite shield       |    25 |   122 |    24 ||   171

Table legend: (Time is in decaauts)
 A = Elapsed time spent in this place.
 B = Non-inter-level travel time spent in this place.
 C = Inter-level travel time spent in this place.
 D = Time resting spent in this place.
 E = Time spent auto-exploring this place.
 F = Levels seen in this place.
 G = Mean time per level.
                   A        B        C        D        E       F      G
               +--------+--------+--------+--------+--------+-----+--------+
         Total |   4561 |   1110 |   3451 |      0 |      0 |   6 |  760.2 |
       Dungeon |   4561 |   1110 |   3451 |      0 |      0 |   6 |  760.2 |
               +--------+--------+--------+--------+--------+-----+--------+

Top non-repeatable levels by time:
     D:2: 1406 daAuts
     D:1: 1210 daAuts
     D:3: 1129 daAuts
     D:4: 562 daAuts
     D:5: 251 daAuts
     D:6: 0 daAuts
